Whalers vs Stars
Created - 1 avril 2013 at 19:12
Goals
|
| Whalers |
1 |
1 |
0 |
2 |
| Stars |
3 |
1 |
2 |
6 |
|
Shots
|
| Whalers |
6 |
10 |
12 |
28 |
| Stars |
9 |
12 |
8 |
29 |
|
1st period
1. Stars , Mike Modano 24 (Patrik Elias) at 13:45 (PP)
2. Stars , Patrik Elias 18 (Mike Modano, Mark Parrish) at 15:22
3. Stars , Marcus Nilson 10 (Evgeny Artyukhin) at 16:26
4. Whalers , Andy McDonald 18 (Todd Bertuzzi) at 18:14
Penalties :
Mark Parrish (Dal) for Interference (Minor) at 6:04, Andy McDonald (Har) for Hooking (Minor) at 13:41, Mark Parrish (Dal) for Holding (Minor) at 18:00, Stephane Robidas (Har) for Goalie Interference (Minor) at 18:00
2nd period
5. Whalers , Paul Gaustad 13 (Ray Whitney, Nils Ekman) at 3:17 (PP)
6. Stars , Milan Hejduk 19 (Braydon Coburn, Patrik Elias) at 4:28
Penalties :
Brendan Bell (Dal) for Holding (Minor) at 2:41, Paul Gaustad (Har) for Hooking (Minor) at 8:35
3rd period
7. Stars , Mike Modano 25 (Jan Hlavac) at 1:03
8. Stars , Steve Rucchin 13 (Mathieu Schneider, Mike Modano) at 15:44
Penalties :
Richard Jackman (Har) for Hooking (Minor) at 6:20, Mathieu Schneider (Dal) for Hooking (Minor) at 9:47
Goalie Stats
Dan Cloutier (Har), 17 saves from 19 shots - (0,895), 35:32 minutes
Jonas Hiller (Har), 6 saves from 10 shots - (0,600), L, 12-24-4, 24:28 minutes
Pascal Leclaire (Dal), 26 saves from 28 shots - (0,929), W, 23-16-4, 60:00 minutes
Players Stats for Whalers
Player Name G A P +/- PIM S H SB GA TA FO MP PP MP PK MP
------------------------------------------------------------------------------------
Andy McDonald 1 0 1 1 2 4 2 0 1 1 2/3 20:08 2:15 2:05
Chad Kilger 0 0 0 0 0 0 1 0 0 0 0/0 7:15 0:00 0:59
Chris Kelly 0 0 0 0 0 0 1 0 1 1 14/33 18:56 2:15 0:58
Dan Girardi 0 0 0 -3 0 1 3 1 1 1 0/0 20:50 1:51 1:58
Jaroslav Spacek 0 0 0 0 0 0 0 0 0 0 0/0 3:15 0:00 0:00
Jay McKee 0 0 0 -3 0 1 2 3 1 1 0/0 20:39 1:51 1:58
Mark Eaton 0 0 0 -1 0 2 1 0 0 0 0/0 12:21 0:00 0:00
Michael Rupp 0 0 0 -3 0 3 1 0 0 0 1/1 12:50 0:00 0:00
Niklas Hagman 0 0 0 -3 0 0 1 1 0 0 0/0 11:56 0:00 0:00
Nils Ekman 0 1 1 -2 0 5 1 0 2 0 0/1 20:33 2:19 0:55
Paul Gaustad 1 0 1 -2 2 1 3 1 2 1 2/10 18:53 2:19 0:00
Ray Whitney 0 1 1 -2 0 2 1 0 0 1 0/0 18:53 2:19 0:00
Richard Jackman 0 0 0 -2 2 0 1 1 0 0 0/0 11:25 0:00 0:00
Sami Kapanen 0 0 0 -3 0 1 2 0 1 0 0/1 13:19 0:00 1:07
Stephane Robidas 0 0 0 0 2 3 2 2 2 0 0/0 26:44 2:43 2:04
Todd Bertuzzi 0 1 1 1 0 3 4 3 0 2 1/5 25:00 2:15 2:00
Vernon Fiddler 0 0 0 0 0 1 0 0 0 0 1/5 6:00 0:00 0:00
Vitaly Vishnevsky 0 0 0 1 0 1 0 2 0 3 0/0 24:58 2:43 2:04
Players Stats for Stars
Player Name G A P +/- PIM S H SB GA TA FO MP PP MP PK MP
------------------------------------------------------------------------------------
Braydon Coburn 0 1 1 2 0 1 2 1 1 2 0/0 28:27 2:23 2:31
Brendan Bell 0 0 0 0 2 1 1 2 0 1 0/0 14:19 1:39 0:00
Cory Stillman 0 0 0 0 0 7 3 1 0 1 0/0 21:22 2:06 2:52
David Legwand 0 0 0 -1 0 2 3 0 2 0 16/24 18:46 2:06 0:15
Evgeny Artyukhin 0 1 1 2 0 0 1 0 1 0 0/0 10:13 0:06 0:00
Filip Novak 0 0 0 2 0 0 3 3 0 2 0/0 20:11 1:39 2:31
Glen Metropolit 0 0 0 0 0 0 0 0 0 0 1/2 7:04 0:00 0:00
Jan Hlavac 0 1 1 0 0 0 3 0 0 1 0/0 8:01 0:06 0:15
Marcus Nilson 1 0 1 2 0 1 0 1 0 0 0/0 9:36 0:00 0:00
Mark Parrish 0 1 1 0 4 0 0 0 1 0 0/0 7:59 0:00 0:00
Mathieu Schneider 0 1 1 2 2 2 1 1 3 1 0/0 25:35 2:23 0:00
Matthew Spiller 0 0 0 2 0 0 3 2 0 0 0/0 17:13 0:00 2:03
Mike Modano 2 2 4 3 0 2 2 1 0 0 18/27 22:22 1:50 2:52
Milan Hejduk 1 0 1 3 0 1 1 0 0 1 2/2 18:12 1:50 0:00
Nathan Horton 0 0 0 0 0 3 1 0 0 1 0/1 18:23 2:06 1:27
Patrik Elias 1 2 3 2 0 5 2 0 2 0 0/1 19:22 1:50 0:00
Randy Jones 0 0 0 0 0 0 0 0 0 1 0/0 14:18 0:00 2:03
Steve Rucchin 1 0 1 2 0 4 1 0 1 0 1/2 12:00 0:06 1:27
3 Stars
1 - Mike Modano (Dal)
2 - Patrik Elias (Dal)
3 - Milan Hejduk (Dal)
Power Play
Whalers - 1 on 3 Attempt(s) - 33,33%
Stars - 1 on 3 Attempt(s) - 33,33%
Penalty Kill
Whalers - 2 on 3 Attempt(s) - 66,67%
- Score 0 goal in Penalty Kill
Stars - 2 on 3 Attempt(s) - 66,67%
- Score 0 goal in Penalty Kill
Official
Referees : Ciamaga Chris and McCreary Bill
Linesman : Steve Miller and Pierre Champoux
Game Notes
Dan Cloutier enters game at 4:28 of 2nd period
Finance
Level 1 -- Attendance: 3911 (65,18%) -- Ticket Income 391 100 $
Level 2 -- Attendance: 3103 (62,06%) -- Ticket Income 186 180 $
Level 3 -- Attendance: 1352 (67,60%) -- Ticket Income 47 320 $
Level 4 -- Attendance: 2961 (74,03%) -- Ticket Income 59 220 $
Luxury Box -- Attendance: 665 (66,50%) -- Ticket Income 133 000 $
Game was played at the American Airlines Center
Total Attendance: 11992 (66,62%)
Total Ticket Income: 816 820 $
Total Income: 816 820 $
Whalers
5 vs 5 Forward
Center Left Wing Right Wing Time % Phy DF OF
1 Chris Kelly Andy McDonald Todd Bertuzzi 40 1 2 2
2 Paul Gaustad Ray Whitney Nils Ekman 30 1 2 2
3 Michael Rupp Niklas Hagman Sami Kapanen 20 1 2 2
4 Vernon Fiddler Chad Kilger Todd Bertuzzi 10 1 2 2
5 vs 5 Defense
Defense Defense Time % Phy DF OF
1 Stephane Robidas Vitaly Vishnevsky 40 1 2 2
2 Jay McKee Dan Girardi 30 1 2 2
3 Mark Eaton Richard Jackman 20 1 2 2
4 Jaroslav Spacek Stephane Robidas 10 1 2 2
PowerPlay Forward
Center Left Wing Right Wing Time % Phy DF OF
1 Chris Kelly Andy McDonald Todd Bertuzzi 60 1 2 2
2 Paul Gaustad Ray Whitney Nils Ekman 40 1 2 2
PowerPlay Defense
Defense Defense Time % Phy DF OF
1 Stephane Robidas Vitaly Vishnevsky 60 1 2 2
2 Jay McKee Dan Girardi 40 1 2 2
Penalty Kill 4 Players Forward
Center Wing Time % Phy DF OF
1 Todd Bertuzzi Andy McDonald 60 1 2 2
2 Nils Ekman Chris Kelly 40 1 2 2
Penalty Kill 4 Players Defense
Defense Defense Time % Phy DF OF
1 Stephane Robidas Vitaly Vishnevsky 60 1 2 2
2 Jay McKee Dan Girardi 40 1 2 2
Penalty Kill - 3 Players Forward
Forward Time % Phy DF OF
1 Todd Bertuzzi 60 1 2 2
2 Andy McDonald 40 1 2 2
Penalty Kill - 3 Players Defense
Defense Defense Time % Phy DF OF
1 Stephane Robidas Vitaly Vishnevsky 60 1 2 2
2 Jay McKee Dan Girardi 40 1 2 2
4 vs 4 Forward
Center Wing Time % Phy DF OF
1 Todd Bertuzzi Andy McDonald 60 1 2 2
2 Nils Ekman Chris Kelly 40 1 2 2
4 vs 4 Defense
Defense Defense Time % Phy DF OF
1 Stephane Robidas Vitaly Vishnevsky 60 1 2 2
2 Jay McKee Dan Girardi 40 1 2 2
Last Minutes Offensive
Center Left Wing Right Wing Defense Defense
Chris Kelly Andy McDonald Todd Bertuzzi Stephane Robidas Vitaly Vishnevsky
Last Minutes Defensive
Center Left Wing Right Wing Defense Defense
Chris Kelly Andy McDonald Todd Bertuzzi Stephane Robidas Vitaly Vishnevsky
Goaltenders
Starting : Jonas Hiller
Backup : Dan Cloutier
Extra Forwards
Normal : Michael Rupp, Vernon Fiddler, Sami Kapanen - PP : Michael Rupp, Vernon Fiddler - PK : Sami Kapanen
Extra Defensemen
Normal : Mark Eaton, Richard Jackman, Jaroslav Spacek - PP : Mark Eaton - PK : Richard Jackman, Jaroslav Spacek
Penalty Shots
Todd Bertuzzi, Andy McDonald, Nils Ekman, Chris Kelly, Ray Whitney
Stars
5 vs 5 Forward
Center Left Wing Right Wing Time % Phy DF OF
1 David Legwand Cory Stillman Nathan Horton 40 0 1 4
2 Mike Modano Patrik Elias Milan Hejduk 40 0 1 4
3 Steve Rucchin Marcus Nilson Evgeny Artyukhin 12 1 2 2
4 Glen Metropolit Jan Hlavac Mark Parrish 8 1 2 2
5 vs 5 Defense
Defense Defense Time % Phy DF OF
1 Mathieu Schneider Braydon Coburn 40 1 2 2
2 Filip Novak Matthew Spiller 30 1 2 2
3 Randy Jones Brendan Bell 20 1 2 2
4 Mathieu Schneider Braydon Coburn 10 1 2 2
PowerPlay Forward
Center Left Wing Right Wing Time % Phy DF OF
1 David Legwand Cory Stillman Nathan Horton 60 0 0 5
2 Mike Modano Patrik Elias Milan Hejduk 40 0 0 5
PowerPlay Defense
Defense Defense Time % Phy DF OF
1 Mathieu Schneider Braydon Coburn 60 0 1 4
2 Filip Novak Brendan Bell 40 0 1 4
Penalty Kill 4 Players Forward
Center Wing Time % Phy DF OF
1 Mike Modano Cory Stillman 60 1 3 1
2 Steve Rucchin Nathan Horton 40 1 3 1
Penalty Kill 4 Players Defense
Defense Defense Time % Phy DF OF
1 Filip Novak Braydon Coburn 60 1 3 1
2 Matthew Spiller Randy Jones 40 1 3 1
Penalty Kill - 3 Players Forward
Forward Time % Phy DF OF
1 Mike Modano 60 1 3 1
2 Steve Rucchin 40 1 3 1
Penalty Kill - 3 Players Defense
Defense Defense Time % Phy DF OF
1 Filip Novak Braydon Coburn 60 1 3 1
2 Matthew Spiller Randy Jones 40 1 3 1
4 vs 4 Forward
Center Wing Time % Phy DF OF
1 David Legwand Patrik Elias 60 0 1 4
2 Mike Modano Cory Stillman 40 0 1 4
4 vs 4 Defense
Defense Defense Time % Phy DF OF
1 Mathieu Schneider Braydon Coburn 60 0 1 4
2 Filip Novak Brendan Bell 40 0 1 4
Last Minutes Offensive
Center Left Wing Right Wing Defense Defense
David Legwand Cory Stillman Nathan Horton Mathieu Schneider Braydon Coburn
Last Minutes Defensive
Center Left Wing Right Wing Defense Defense
Mike Modano Cory Stillman Nathan Horton Filip Novak Braydon Coburn
Goaltenders
Starting : Pascal Leclaire
Backup : Chris Osgood
Extra Forwards
Normal : David Legwand, Mike Modano, Steve Rucchin - PP : Mike Modano, Steve Rucchin - PK : David Legwand
Extra Defensemen
Normal : Brendan Bell, Randy Jones, Braydon Coburn - PP : Randy Jones - PK : Brendan Bell, Matthew Spiller
Penalty Shots
Mike Modano, Milan Hejduk, Cory Stillman, Nathan Horton, Steve Rucchin
% Time on Ice - Whalers
Lines # - Real PCT - Wanted PCT - Time Play
Normal Forward
1 - 31% - 40% - 15:10
2 - 34% - 30% - 16:34
3 - 24% - 20% - 11:56
4 - 12% - 10% - 5:45
Normal Defense
1 - 38% - 40% - 18:58
2 - 33% - 30% - 16:19
3 - 23% - 20% - 11:08
4 - 6% - 10% - 3:00
PP Forward
1 - 49% - 60% - 2:15
2 - 51% - 40% - 2:19
PP Defense
1 - 59% - 60% - 2:43
2 - 41% - 40% - 1:51
PK Forward
1 - 77% - 60% - 3:07
2 - 23% - 40% - 0:55
PK Defense
1 - 51% - 60% - 2:04
2 - 49% - 40% - 1:58
PK3 Forward
1 - 0% - 60%
2 - 0% - 40%
PK3 Defense
1 - 0% - 60%
2 - 0% - 40%
44 Forward
1 - 71% - 60% - 1:25
2 - 29% - 40% - 0:34
44 Defense
1 - 74% - 60% - 1:28
2 - 26% - 40% - 0:31
Last Minute Offensive - 0:00
Last Minute Defensive - 0:00
Total
Forward - 60:00
Defense - 60:00
|
% Time on Ice - Stars
Lines # - Real PCT - Wanted PCT - Time Play
Normal Forward
1 - 33% - 40% - 16:23
2 - 33% - 40% - 16:22
3 - 19% - 12% - 9:36
4 - 14% - 8% - 7:04
Normal Defense
1 - 40% - 40% - 20:00
2 - 32% - 30% - 15:41
3 - 23% - 20% - 11:18
4 - 5% - 10% - 2:26
PP Forward
1 - 55% - 60% - 2:12
2 - 45% - 40% - 1:50
PP Defense
1 - 59% - 60% - 2:23
2 - 41% - 40% - 1:39
PK Forward
1 - 68% - 60% - 3:07
2 - 32% - 40% - 1:27
PK Defense
1 - 55% - 60% - 2:31
2 - 45% - 40% - 2:03
PK3 Forward
1 - 0% - 60%
2 - 0% - 40%
PK3 Defense
1 - 0% - 60%
2 - 0% - 40%
44 Forward
1 - 76% - 60% - 1:30
2 - 24% - 40% - 0:29
44 Defense
1 - 56% - 60% - 1:07
2 - 44% - 40% - 0:52
Last Minute Offensive - 0:00
Last Minute Defensive - 0:00
Total
Forward - 60:00
Defense - 60:00
|
Play by Play
1st period
0:01 of 1st period - David Legwand wins face-off versus Andy McDonald in neutral zone.
0:34 of 1st period - Snap shot by Patrik Elias.
0:34 of 1st period - Shot Misses the Net.
0:36 of 1st period - Slapshot by Braydon Coburn.
0:36 of 1st period - Shot Misses the Net.
1:11 of 1st period - Wrist shot by Vernon Fiddler.
1:11 of 1st period - Stopped by Pascal Leclaire with a rebound.
1:13 of 1st period - Snap shot by Stephane Robidas.
1:13 of 1st period - Stopped by Pascal Leclaire with a rebound.
1:15 of 1st period - Slapshot by Stephane Robidas.
1:15 of 1st period - Shot Misses the Net.
1:31 of 1st period - Wrist shot by David Legwand.
1:31 of 1st period - Deflect By Cory Stillman.
1:31 of 1st period - Stopped by Jonas Hiller without a rebound.
1:32 of 1st period - Paul Gaustad wins face-off versus David Legwand in Whalers zone.
1:32 of 1st period - Paul Gaustad is hit by David Legwand.
1:46 of 1st period - Snap shot by Paul Gaustad.
1:46 of 1st period - Deflect By Brendan Bell.
1:46 of 1st period - Shot Misses the Net.
1:46 of 1st period - Puck is out of play.
1:47 of 1st period - Mike Modano wins face-off versus Chris Kelly in Stars zone.
1:54 of 1st period - Snap shot by Mike Modano.
1:54 of 1st period - Shot Misses the Net.
2:12 of 1st period - Cory Stillman is hit by Michael Rupp.
2:20 of 1st period - Wrist shot by Cory Stillman.
2:20 of 1st period - Stopped by Jonas Hiller with a rebound.
3:43 of 1st period - Steve Rucchin is hit by Jay McKee.
3:47 of 1st period - Snap shot by Nils Ekman.
3:47 of 1st period - Stopped by Pascal Leclaire with a rebound.
4:19 of 1st period - Snap shot by Mike Modano.
4:19 of 1st period - Deflect By Milan Hejduk.
4:19 of 1st period - Shot Blocked by Richard Jackman.
4:19 of 1st period - Puck is out of play.
4:20 of 1st period - Mike Modano wins face-off versus Vernon Fiddler in Whalers zone.
4:21 of 1st period - Slapshot by Patrik Elias.
4:21 of 1st period - Shot Misses the Net.
4:23 of 1st period - Snap shot by Patrik Elias.
4:23 of 1st period - Stopped by Jonas Hiller with a rebound.
4:29 of 1st period - Mike Modano is hit by Todd Bertuzzi and loses puck.
5:06 of 1st period - Off-side.
5:07 of 1st period - Michael Rupp wins face-off versus Mike Modano in neutral zone.
5:37 of 1st period - Snap shot by Andy McDonald.
5:37 of 1st period - Shot Misses the Net.
6:04 of 1st period - Minor Penalty to Mark Parrish for Interference.
6:05 of 1st period - Mike Modano wins face-off versus Todd Bertuzzi in Stars zone.
6:05 of 1st period - Mike Modano is hit by Chris Kelly.
6:41 of 1st period - Slapshot by Stephane Robidas.
6:41 of 1st period - Shot Blocked by Matthew Spiller.
7:00 of 1st period - Icing by Jay McKee.
7:01 of 1st period - Mike Modano wins face-off versus Paul Gaustad in Whalers zone.
8:04 of 1st period - Penalty to Mark Parrish is over, Mark Parrish is back on ice.
8:40 of 1st period - Snap shot by Mike Modano.
8:40 of 1st period - Shot Blocked by Stephane Robidas.
8:58 of 1st period - Wrist shot by Nils Ekman.
8:58 of 1st period - Shot Blocked by Cory Stillman.
9:00 of 1st period - Slapshot by Ray Whitney.
9:00 of 1st period - Stopped by Pascal Leclaire without a rebound.
9:01 of 1st period - Chris Kelly wins face-off versus Steve Rucchin in Stars zone.
9:02 of 1st period - Wrist shot by Todd Bertuzzi.
9:02 of 1st period - Shot Misses the Net.
9:22 of 1st period - Icing by Chris Kelly.
9:23 of 1st period - Chris Kelly wins face-off versus Glen Metropolit in Whalers zone.
9:23 of 1st period - Chris Kelly is hit by Mathieu Schneider.
10:14 of 1st period - Mark Eaton is hit by David Legwand and loses puck.
10:25 of 1st period - Filip Novak is hit by Sami Kapanen and loses puck.
10:38 of 1st period - Sami Kapanen is hit by Jan Hlavac and loses puck.
11:24 of 1st period - Off-side.
11:25 of 1st period - Vernon Fiddler wins face-off versus Mike Modano in neutral zone.
12:14 of 1st period - Vitaly Vishnevsky is hit by Filip Novak.
12:36 of 1st period - Dan Girardi is hit by Cory Stillman.
12:41 of 1st period - Off-side.
12:42 of 1st period - David Legwand wins face-off versus Chris Kelly in neutral zone.
12:48 of 1st period - Snap shot by Cory Stillman.
12:48 of 1st period - Shot Blocked by Jay McKee.
12:50 of 1st period - Snap shot by Cory Stillman.
12:50 of 1st period - Shot Misses the Net.
12:52 of 1st period - Snap shot by Nathan Horton.
12:52 of 1st period - Shot Misses the Net.
12:54 of 1st period - Slapshot by Braydon Coburn.
12:54 of 1st period - Stopped by Jonas Hiller with a rebound.
12:56 of 1st period - Wrist shot by Nathan Horton.
12:56 of 1st period - Stopped by Jonas Hiller with a rebound.
12:58 of 1st period - Wrist shot by Nathan Horton.
12:58 of 1st period - Shot Blocked by Jay McKee.
13:27 of 1st period - Mathieu Schneider is hit by Jay McKee and loses puck.
13:41 of 1st period - Minor Penalty to Andy McDonald for Hooking.
13:42 of 1st period - Mike Modano wins face-off versus Sami Kapanen in Whalers zone.
13:45 of 1st period - Wrist shot by Mike Modano.
13:45 of 1st period - Goal by Mike Modano - Whalers : 0 - Stars : 1.
13:46 of 1st period - Mike Modano wins face-off versus Paul Gaustad in neutral zone.
14:22 of 1st period - Snap shot by Andy McDonald.
14:22 of 1st period - Stopped by Pascal Leclaire with a rebound.
14:56 of 1st period - Mark Eaton is hit by Jan Hlavac and loses puck.
15:20 of 1st period - Wrist shot by Patrik Elias.
15:20 of 1st period - Shot Misses the Net.
15:22 of 1st period - Wrist shot by Patrik Elias.
15:22 of 1st period - Goal by Patrik Elias - Whalers : 0 - Stars : 2.
15:23 of 1st period - Mike Modano wins face-off versus Chris Kelly in neutral zone.
15:35 of 1st period - Chris Kelly is hit by Milan Hejduk and loses puck.
15:56 of 1st period - Nils Ekman is hit by Filip Novak and loses puck.
16:26 of 1st period - Snap shot by Marcus Nilson.
16:26 of 1st period - Goal by Marcus Nilson - Whalers : 0 - Stars : 3.
16:27 of 1st period - Milan Hejduk wins face-off versus Chris Kelly in neutral zone.
18:00 of 1st period - Minor Penalty to Mark Parrish for Holding.
18:00 of 1st period - Minor Penalty to Stephane Robidas for Goalie Interference.
18:01 of 1st period - David Legwand wins face-off versus Todd Bertuzzi in Whalers zone.
18:02 of 1st period - Snap shot by Patrik Elias.
18:02 of 1st period - Stopped by Jonas Hiller without a rebound.
18:03 of 1st period - Andy McDonald wins face-off versus David Legwand in Whalers zone.
18:14 of 1st period - Wrist shot by Andy McDonald.
18:14 of 1st period - Deflect By Braydon Coburn.
18:14 of 1st period - Goal by Andy McDonald - Whalers : 1 - Stars : 3.
18:15 of 1st period - David Legwand wins face-off versus Todd Bertuzzi in neutral zone.
19:02 of 1st period - Snap shot by Nils Ekman.
19:02 of 1st period - Shot Hit the Post.
19:24 of 1st period - Todd Bertuzzi is hit by Filip Novak and loses puck.
0:00 of 2nd period - Penalty to Mark Parrish is over, Mark Parrish is back on ice.
0:00 of 2nd period - Penalty to Stephane Robidas is over, Stephane Robidas is back on ice.
2nd period
0:01 of 2nd period - Mike Modano wins face-off versus Chris Kelly in neutral zone.
0:11 of 2nd period - Off-side.
0:12 of 2nd period - Chris Kelly wins face-off versus Mike Modano in neutral zone.
0:15 of 2nd period - Slapshot by Andy McDonald.
0:15 of 2nd period - Stopped by Pascal Leclaire with a rebound.
0:31 of 2nd period - Milan Hejduk is hit by Andy McDonald and loses puck.
1:04 of 2nd period - Cory Stillman is hit by Dan Girardi and loses puck.
1:13 of 2nd period - Snap shot by Niklas Hagman.
1:13 of 2nd period - Shot Blocked by Braydon Coburn.
1:44 of 2nd period - Off-side.
1:45 of 2nd period - Paul Gaustad wins face-off versus Mike Modano in neutral zone.
1:50 of 2nd period - Slapshot by Stephane Robidas.
1:50 of 2nd period - Shot Blocked by Filip Novak.
2:10 of 2nd period - Steve Rucchin is hit by Sami Kapanen and loses puck.
2:35 of 2nd period - Stephane Robidas is hit by Brendan Bell and loses puck.
2:41 of 2nd period - Minor Penalty to Brendan Bell for Holding.
2:42 of 2nd period - Mike Modano wins face-off versus Chris Kelly in Stars zone.
3:17 of 2nd period - Wrist shot by Paul Gaustad.
3:17 of 2nd period - Goal by Paul Gaustad - Whalers : 2 - Stars : 3.
3:18 of 2nd period - Mike Modano wins face-off versus Chris Kelly in neutral zone.
3:21 of 2nd period - Andy McDonald is hit by Patrik Elias and loses puck.
3:32 of 2nd period - Mathieu Schneider is hit by Andy McDonald and loses puck.
4:13 of 2nd period - Dan Girardi is hit by Braydon Coburn and loses puck.
4:26 of 2nd period - Slapshot by Patrik Elias.
4:26 of 2nd period - Shot Misses the Net.
4:28 of 2nd period - Slapshot by Braydon Coburn.
4:28 of 2nd period - Deflect By Milan Hejduk.
4:28 of 2nd period - Goal by Milan Hejduk - Whalers : 2 - Stars : 4.
4:28 of 2nd period - Dan Cloutier enters game.
4:29 of 2nd period - Chris Kelly wins face-off versus David Legwand in neutral zone.
4:32 of 2nd period - Slapshot by Andy McDonald.
4:32 of 2nd period - Deflect By Todd Bertuzzi.
4:32 of 2nd period - Shot Misses the Net.
4:32 of 2nd period - Puck is out of play.
4:33 of 2nd period - Chris Kelly wins face-off versus David Legwand in Stars zone.
4:36 of 2nd period - Snap shot by Andy McDonald.
4:36 of 2nd period - Deflect By David Legwand.
4:36 of 2nd period - Shot Misses the Net.
4:36 of 2nd period - Puck is out of play.
4:37 of 2nd period - Chris Kelly wins face-off versus Nathan Horton in Stars zone.
4:40 of 2nd period - Snap shot by Andy McDonald.
4:40 of 2nd period - Shot Blocked by Filip Novak.
4:49 of 2nd period - Slapshot by Cory Stillman.
4:49 of 2nd period - Deflect By David Legwand.
4:49 of 2nd period - Stopped by Dan Cloutier with a rebound.
4:51 of 2nd period - Wrist shot by Cory Stillman.
4:51 of 2nd period - Stopped by Dan Cloutier with a rebound.
4:58 of 2nd period - Icing by Andy McDonald.
4:59 of 2nd period - Mike Modano wins face-off versus Chris Kelly in Whalers zone.
5:36 of 2nd period - Slapshot by Nils Ekman.
5:36 of 2nd period - Stopped by Pascal Leclaire with a rebound.
5:54 of 2nd period - Snap shot by Steve Rucchin.
5:54 of 2nd period - Stopped by Dan Cloutier with a rebound.
5:56 of 2nd period - Slapshot by Evgeny Artyukhin.
5:56 of 2nd period - Shot Misses the Net.
6:29 of 2nd period - Dan Girardi is hit by Mike Modano and loses puck.
6:34 of 2nd period - Wrist shot by Patrik Elias.
6:34 of 2nd period - Stopped by Dan Cloutier without a rebound.
6:35 of 2nd period - Chris Kelly wins face-off versus Mike Modano in Whalers zone.
6:35 of 2nd period - Chris Kelly is hit by Mike Modano.
7:04 of 2nd period - Wrist shot by Paul Gaustad.
7:04 of 2nd period - Shot Misses the Net.
7:06 of 2nd period - Slapshot by Vitaly Vishnevsky.
7:06 of 2nd period - Stopped by Pascal Leclaire without a rebound.
7:07 of 2nd period - David Legwand wins face-off versus Paul Gaustad in Stars zone.
7:07 of 2nd period - David Legwand is hit by Mark Eaton.
7:19 of 2nd period - Wrist shot by David Legwand.
7:19 of 2nd period - Shot Misses the Net.
7:21 of 2nd period - Snap shot by David Legwand.
7:21 of 2nd period - Stopped by Dan Cloutier with a rebound.
7:23 of 2nd period - Slapshot by Nathan Horton.
7:23 of 2nd period - Stopped by Dan Cloutier without a rebound.
7:24 of 2nd period - Mike Modano wins face-off versus Chris Kelly in Whalers zone.
7:35 of 2nd period - Snap shot by Chris Kelly.
7:35 of 2nd period - Shot Misses the Net.
7:57 of 2nd period - Snap shot by Nathan Horton.
7:57 of 2nd period - Deflect By David Legwand.
7:57 of 2nd period - Deflect By Mark Eaton.
7:57 of 2nd period - Shot Blocked by Paul Gaustad.
7:57 of 2nd period - Puck is out of play.
7:58 of 2nd period - Chris Kelly wins face-off versus David Legwand in Whalers zone.
8:35 of 2nd period - Minor Penalty to Paul Gaustad for Hooking.
8:36 of 2nd period - David Legwand wins face-off versus Todd Bertuzzi in Whalers zone.
9:11 of 2nd period - Snap shot by Mike Modano.
9:11 of 2nd period - Shot Blocked by Vitaly Vishnevsky.
10:18 of 2nd period - Filip Novak is hit by Dan Girardi and loses puck.
10:35 of 2nd period - Penalty to Paul Gaustad is over, Paul Gaustad is back on ice.
10:49 of 2nd period - Slapshot by Michael Rupp.
10:49 of 2nd period - Stopped by Pascal Leclaire with a rebound.
10:57 of 2nd period - Slapshot by Steve Rucchin.
10:57 of 2nd period - Stopped by Dan Cloutier with a rebound.
11:22 of 2nd period - Brendan Bell is hit by Paul Gaustad and loses puck.
11:33 of 2nd period - Chad Kilger is hit by Evgeny Artyukhin and loses puck.
11:46 of 2nd period - Brendan Bell is hit by Niklas Hagman and loses puck.
12:03 of 2nd period - Marcus Nilson is hit by Nils Ekman and loses puck.
12:35 of 2nd period - Dan Girardi is hit by Matthew Spiller and loses puck.
12:48 of 2nd period - Snap shot by Michael Rupp.
12:48 of 2nd period - Stopped by Pascal Leclaire with a rebound.
12:50 of 2nd period - Wrist shot by Ray Whitney.
12:50 of 2nd period - Stopped by Pascal Leclaire without a rebound.
12:51 of 2nd period - Steve Rucchin wins face-off versus Paul Gaustad in Stars zone.
13:07 of 2nd period - Brendan Bell is hit by Paul Gaustad.
13:15 of 2nd period - Mike Modano is hit by Stephane Robidas and loses puck.
13:32 of 2nd period - Wrist shot by Paul Gaustad.
13:32 of 2nd period - Shot Blocked by Brendan Bell.
13:34 of 2nd period - Snap shot by Nils Ekman.
13:34 of 2nd period - Stopped by Pascal Leclaire without a rebound.
13:35 of 2nd period - David Legwand wins face-off versus Chris Kelly in Stars zone.
13:39 of 2nd period - Off-side.
13:40 of 2nd period - Chris Kelly wins face-off versus David Legwand in neutral zone.
13:51 of 2nd period - Vitaly Vishnevsky is hit by Cory Stillman and loses puck.
14:25 of 2nd period - Off-side.
14:26 of 2nd period - Glen Metropolit wins face-off versus Paul Gaustad in neutral zone.
14:59 of 2nd period - Slapshot by Andy McDonald.
14:59 of 2nd period - Shot Blocked by Mike Modano.
15:01 of 2nd period - Slapshot by Jay McKee.
15:01 of 2nd period - Stopped by Pascal Leclaire without a rebound.
15:02 of 2nd period - David Legwand wins face-off versus Nils Ekman in Stars zone.
15:08 of 2nd period - Slapshot by Mathieu Schneider.
15:08 of 2nd period - Stopped by Dan Cloutier without a rebound.
15:09 of 2nd period - David Legwand wins face-off versus Paul Gaustad in Whalers zone.
15:12 of 2nd period - Wrist shot by Cory Stillman.
15:12 of 2nd period - Stopped by Dan Cloutier with a rebound.
15:42 of 2nd period - Snap shot by Chris Kelly.
15:42 of 2nd period - Shot Misses the Net.
15:44 of 2nd period - Slapshot by Vitaly Vishnevsky.
15:44 of 2nd period - Shot Misses the Net.
16:00 of 2nd period - Snap shot by Sami Kapanen.
16:00 of 2nd period - Shot Blocked by Marcus Nilson.
16:41 of 2nd period - Glen Metropolit is hit by Chad Kilger and loses puck.
17:15 of 2nd period - Mark Eaton is hit by Steve Rucchin and loses puck.
17:38 of 2nd period - Andy McDonald is hit by Cory Stillman and loses puck.
19:21 of 2nd period - Snap shot by Patrik Elias.
19:21 of 2nd period - Stopped by Dan Cloutier with a rebound.
19:37 of 2nd period - Snap shot by Evgeny Artyukhin.
19:37 of 2nd period - Shot Misses the Net.
19:39 of 2nd period - Snap shot by Brendan Bell.
19:39 of 2nd period - Deflect By Stephane Robidas.
19:39 of 2nd period - Stopped by Dan Cloutier with a rebound.
19:41 of 2nd period - Snap shot by Evgeny Artyukhin.
19:41 of 2nd period - Deflect By Steve Rucchin.
19:41 of 2nd period - Shot Blocked by Niklas Hagman.
19:41 of 2nd period - Puck is out of play.
19:42 of 2nd period - David Legwand wins face-off versus Paul Gaustad in Whalers zone.
19:53 of 2nd period - Slapshot by Nils Ekman.
19:53 of 2nd period - Shot Blocked by Brendan Bell.
19:55 of 2nd period - Wrist shot by Nils Ekman.
19:55 of 2nd period - Stopped by Pascal Leclaire without a rebound.
19:56 of 2nd period - Mike Modano wins face-off versus Chris Kelly in Stars zone.
3rd period
0:01 of 3rd period - Chris Kelly wins face-off versus Patrik Elias in neutral zone.
0:04 of 3rd period - Matthew Spiller is hit by Todd Bertuzzi and loses puck.
0:25 of 3rd period - Cory Stillman is hit by Paul Gaustad and loses puck.
1:03 of 3rd period - Wrist shot by Mike Modano.
1:03 of 3rd period - Goal by Mike Modano - Whalers : 2 - Stars : 5.
1:04 of 3rd period - David Legwand wins face-off versus Chris Kelly in neutral zone.
1:26 of 3rd period - Icing by Andy McDonald.
1:27 of 3rd period - Chris Kelly wins face-off versus Mike Modano in Whalers zone.
1:27 of 3rd period - Chris Kelly is hit by Braydon Coburn.
1:33 of 3rd period - Slapshot by Jay McKee.
1:33 of 3rd period - Shot Misses the Net.
1:35 of 3rd period - Wrist shot by Dan Girardi.
1:35 of 3rd period - Stopped by Pascal Leclaire with a rebound.
1:50 of 3rd period - Icing by Ray Whitney.
1:51 of 3rd period - David Legwand wins face-off versus Chris Kelly in Whalers zone.
1:58 of 3rd period - Slapshot by Andy McDonald.
1:58 of 3rd period - Shot Blocked by Matthew Spiller.
2:00 of 3rd period - Snap shot by Todd Bertuzzi.
2:00 of 3rd period - Stopped by Pascal Leclaire without a rebound.
2:01 of 3rd period - Chris Kelly wins face-off versus Mike Modano in Stars zone.
2:10 of 3rd period - Wrist shot by Andy McDonald.
2:10 of 3rd period - Shot Misses the Net.
2:12 of 3rd period - Slapshot by Vitaly Vishnevsky.
2:12 of 3rd period - Shot Blocked by Filip Novak.
2:14 of 3rd period - Wrist shot by Andy McDonald.
2:14 of 3rd period - Stopped by Pascal Leclaire with a rebound.
2:16 of 3rd period - Snap shot by Todd Bertuzzi.
2:16 of 3rd period - Shot Misses the Net.
2:26 of 3rd period - Nils Ekman is hit by Matthew Spiller.
2:36 of 3rd period - Wrist shot by Nils Ekman.
2:36 of 3rd period - Stopped by Pascal Leclaire without a rebound.
2:37 of 3rd period - Chris Kelly wins face-off versus Mike Modano in Stars zone.
2:46 of 3rd period - Wrist shot by Chris Kelly.
2:46 of 3rd period - Shot Blocked by Mathieu Schneider.
2:48 of 3rd period - Slapshot by Mark Eaton.
2:48 of 3rd period - Stopped by Pascal Leclaire with a rebound.
2:50 of 3rd period - Snap shot by Mark Eaton.
2:50 of 3rd period - Shot Misses the Net.
2:52 of 3rd period - Slapshot by Mark Eaton.
2:52 of 3rd period - Stopped by Pascal Leclaire with a rebound.
3:25 of 3rd period - Slapshot by Steve Rucchin.
3:25 of 3rd period - Shot Blocked by Todd Bertuzzi.
3:27 of 3rd period - Wrist shot by Filip Novak.
3:27 of 3rd period - Deflect By Marcus Nilson.
3:27 of 3rd period - Shot Blocked by Jay McKee.
3:27 of 3rd period - Puck is out of play.
3:28 of 3rd period - Mike Modano wins face-off versus Vernon Fiddler in Whalers zone.
3:31 of 3rd period - Snap shot by Mike Modano.
3:31 of 3rd period - Shot Misses the Net.
3:58 of 3rd period - Paul Gaustad is hit by David Legwand and loses puck.
4:19 of 3rd period - Mathieu Schneider is hit by Richard Jackman and loses puck.
4:38 of 3rd period - Snap shot by Andy McDonald.
4:38 of 3rd period - Shot Misses the Net.
4:40 of 3rd period - Wrist shot by Todd Bertuzzi.
4:40 of 3rd period - Stopped by Pascal Leclaire with a rebound.
4:42 of 3rd period - Snap shot by Chris Kelly.
4:42 of 3rd period - Shot Misses the Net.
4:53 of 3rd period - Randy Jones is hit by Dan Girardi.
5:17 of 3rd period - Snap shot by Todd Bertuzzi.
5:17 of 3rd period - Stopped by Pascal Leclaire without a rebound.
5:18 of 3rd period - Mike Modano wins face-off versus Vernon Fiddler in Stars zone.
5:18 of 3rd period - Mike Modano is hit by Stephane Robidas.
5:50 of 3rd period - Nils Ekman is hit by Nathan Horton and loses puck.
6:20 of 3rd period - Minor Penalty to Richard Jackman for Hooking.
6:21 of 3rd period - Todd Bertuzzi wins face-off versus David Legwand in Whalers zone.
6:34 of 3rd period - Snap shot by Nathan Horton.
6:34 of 3rd period - Shot Hit the Post.
6:36 of 3rd period - Snap shot by Mathieu Schneider.
6:36 of 3rd period - Shot Blocked by Todd Bertuzzi.
8:20 of 3rd period - Penalty to Richard Jackman is over, Richard Jackman is back on ice.
8:48 of 3rd period - Slapshot by Filip Novak.
8:48 of 3rd period - Shot Misses the Net.
8:50 of 3rd period - Wrist shot by Evgeny Artyukhin.
8:50 of 3rd period - Deflect By Steve Rucchin.
8:50 of 3rd period - Deflect By Chad Kilger.
8:50 of 3rd period - Shot Misses the Net.
8:50 of 3rd period - Puck is out of play.
8:51 of 3rd period - Mike Modano wins face-off versus Paul Gaustad in Whalers zone.
9:08 of 3rd period - Ray Whitney is hit by Jan Hlavac and loses puck.
9:47 of 3rd period - Minor Penalty to Mathieu Schneider for Hooking.
9:48 of 3rd period - Mike Modano wins face-off versus Chris Kelly in Stars zone.
11:12 of 3rd period - Slapshot by Nathan Horton.
11:12 of 3rd period - Shot Misses the Net.
11:16 of 3rd period - Wrist shot by Nathan Horton.
11:16 of 3rd period - Shot Blocked by Vitaly Vishnevsky.
11:18 of 3rd period - Snap shot by Steve Rucchin.
11:18 of 3rd period - Stopped by Dan Cloutier without a rebound.
11:19 of 3rd period - Mike Modano wins face-off versus Chris Kelly in Whalers zone.
11:47 of 3rd period - Penalty to Mathieu Schneider is over, Mathieu Schneider is back on ice.
12:53 of 3rd period - Icing by Nathan Horton.
12:54 of 3rd period - David Legwand wins face-off versus Vernon Fiddler in Stars zone.
13:12 of 3rd period - Snap shot by Michael Rupp.
13:12 of 3rd period - Stopped by Pascal Leclaire with a rebound.
13:31 of 3rd period - Ray Whitney is hit by Patrik Elias and loses puck.
13:40 of 3rd period - Wrist shot by Milan Hejduk.
13:40 of 3rd period - Deflect By Stephane Robidas.
13:40 of 3rd period - Shot Blocked by Stephane Robidas.
13:40 of 3rd period - Puck is out of play.
13:41 of 3rd period - David Legwand wins face-off versus Chris Kelly in Whalers zone.
13:44 of 3rd period - Slapshot by Cory Stillman.
13:44 of 3rd period - Stopped by Dan Cloutier with a rebound.
13:52 of 3rd period - Snap shot by Chris Kelly.
13:52 of 3rd period - Deflect By Andy McDonald.
13:52 of 3rd period - Shot Misses the Net.
13:52 of 3rd period - Puck is out of play.
13:53 of 3rd period - David Legwand wins face-off versus Chris Kelly in Stars zone.
14:48 of 3rd period - Slapshot by Sami Kapanen.
14:48 of 3rd period - Stopped by Pascal Leclaire without a rebound.
14:49 of 3rd period - Chris Kelly wins face-off versus David Legwand in Stars zone.
14:54 of 3rd period - Snap shot by Todd Bertuzzi.
14:54 of 3rd period - Deflect By Nathan Horton.
14:54 of 3rd period - Shot Misses the Net.
14:54 of 3rd period - Puck is out of play.
14:55 of 3rd period - David Legwand wins face-off versus Chris Kelly in Stars zone.
15:02 of 3rd period - Wrist shot by Nathan Horton.
15:02 of 3rd period - Stopped by Dan Cloutier with a rebound.
15:04 of 3rd period - Snap shot by Nathan Horton.
15:04 of 3rd period - Shot Blocked by Todd Bertuzzi.
15:06 of 3rd period - Snap shot by Cory Stillman.
15:06 of 3rd period - Stopped by Dan Cloutier with a rebound.
15:21 of 3rd period - Slapshot by Stephane Robidas.
15:21 of 3rd period - Stopped by Pascal Leclaire with a rebound.
15:42 of 3rd period - Slapshot by Mathieu Schneider.
15:42 of 3rd period - Stopped by Dan Cloutier with a rebound.
15:44 of 3rd period - Slapshot by Steve Rucchin.
15:44 of 3rd period - Goal by Steve Rucchin - Whalers : 2 - Stars : 6.
15:45 of 3rd period - Andy McDonald wins face-off versus Mike Modano in neutral zone.
16:10 of 3rd period - Ray Whitney is hit by Matthew Spiller and loses puck.
16:17 of 3rd period - Snap shot by Cory Stillman.
16:17 of 3rd period - Stopped by Dan Cloutier without a rebound.
16:18 of 3rd period - Milan Hejduk wins face-off versus Chris Kelly in Whalers zone.
17:50 of 3rd period - Glen Metropolit is hit by Ray Whitney and loses puck.
18:25 of 3rd period - Marcus Nilson is hit by Todd Bertuzzi and loses puck.
18:36 of 3rd period - Randy Jones is hit by Todd Bertuzzi.
18:50 of 3rd period - Wrist shot by Patrik Elias.
18:50 of 3rd period - Shot Blocked by Dan Girardi.
19:43 of 3rd period - Slapshot by Stephane Robidas.
19:43 of 3rd period - Stopped by Pascal Leclaire with a rebound.
19:57 of 3rd period - Snap shot by Mike Modano.
19:57 of 3rd period - Shot Misses the Net.
19:59 of 3rd period - Backhand shot by Matthew Spiller.
19:59 of 3rd period - Shot Misses the Net.
Output by the SimonT Hockey Simulator (STHS) for François Prévost -- Original Page W3C XHTML 1.0 Valid